 Dungeon Crawl Stone Soup version 0.29.1-2-gbd0b4ee654 (webtiles) character file.

Game seed: 17084488164534936645

831 firemarshallily the Conjurer (level 7, -4/58 HPs)
             Began as a Green Draconian Conjurer on Oct 31, 2022.
             Slain by a troll (10 damage)
             ... on level 6 of the Dungeon.
             The game lasted 00:15:10 (5644 turns).

firemarshallily the Conjurer (DrCj)                 Turns: 5644, Time: 00:15:10

Health: -4/58      AC:  8    Str: 10    XL:     7   Next: 65%
Magic:  6/15       EV: 12    Int: 20    God:
Gold:   276        SH:  0    Dex: 15    Spells: 5/16 levels left

rFire   . . .      SeeInvis .   y - +2 mace (vorpal)
rCold   . . .      Faith    .   (no shield)
rNeg    . . .      Spirit   .   (body armour unavailable)
rPois   +          Reflect  .   (helmet restricted)
rElec   .          Harm     .   (no cloak)
rCorr   .          Rampage  .   b - +0 pair of gloves
Will    .....                   g - +0 pair of boots
Stlth   ++........              z - amulet of regeneration
HPRegen 0.99/turn               h - +4 ring of slaying
MPRegen 0.14/turn               o - +6 ring of dexterity

@: about to teleport
A: breathe noxious fumes, AC +6, unfitting armour, poison resistance,
cold-blooded
a: Breathe Noxious Fumes


You were on level 6 of the Dungeon.
You visited 1 branch of the dungeon, and saw 6 of its levels.

You collected 276 gold pieces.

Inventory:

Hand Weapons
 x - a +0 short sword of speed
 y - a +2 vorpal mace (weapon)
Missiles
 e - 5 poisoned darts
 i - 36 stones
 w - 6 boomerangs
Armour
 b - a +0 pair of gloves (worn)
 g - a +0 pair of boots (worn)
Jewellery
 h - a +4 ring of slaying (left hand)
 k - a ring of poison resistance
 o - a +6 ring of dexterity (right hand)
 z - an amulet of regeneration (around neck)
 D - a ring of see invisible
Scrolls
 c - 2 scrolls of teleportation
 l - a scroll of blinking
 n - 6 scrolls of identify {unknown}
 p - a scroll of brand weapon {unknown}
 q - a scroll of enchant armour {unknown}
 r - a scroll of amnesia {unknown}
 s - a scroll of magic mapping {unknown}
 t - a scroll of fear {unknown}
 u - a scroll of immolation {unknown}
 C - a scroll of butterflies {unknown}
Potions
 a - a potion of magic
 d - a potion of curing
 f - a potion of attraction {unknown}
 j - 2 potions of mutation {unknown}
 m - 2 potions of might {unknown}
 v - 2 potions of flight {unknown}
 A - a potion of berserk rage {unknown}
 B - 2 potions of heal wounds {unknown}
 E - a potion of resistance {unknown}


   Skills:
 + Level 3.9 Fighting
 - Level 1.7 Dodging
 - Level 1.7 Stealth
 * Level 5.3 Spellcasting
 * Level 6.8 Conjurations


You had 5 spell levels left.
You knew the following spells:

 Your Spells              Type           Power      Damage    Failure   Level
a - Magic Dart            Conj           100%       1d8       1%          1
b - Searing Ray           Conj           64%        2d6       1%          2
c - Fulminant Prism       Conj/Hex       9%         3d7       28%         4
d - Iskenderun's Mystic   Conj/Tloc      18%        2d6       28%         4

Your spell library contained the following spells:

 Spells                   Type           Power      Damage    Failure   Level
 Dazzling Flash           Conj/Hex       36%        N/A       9%          3
 Portal Projectile        Hex/Tloc       10%        N/A       32%         3
 Tukima's Dance           Hex            5%         N/A       32%         3
 Blade Hands              Tmut           2%         N/A       97%         5


Dungeon Overview and Level Annotations

Branches:
Dungeon (6/15)
 Temple: D:4-7

Altars:


Innate Abilities, Weirdness & Mutations

You can breathe blasts of noxious fumes.
Your lurid green scales are hard. (AC +6)
You cannot fit into any form of body armour.
Your system is resistant to poisons. (rPois)
You are cold-blooded and may be slowed by cold attacks.


Message History

The troll barely misses you. The troll misses you. The troll claws you!
The troll bites you. The troll barely misses you. The troll misses you.
You closely miss the troll.
The troll is moderately wounded.
The troll completely misses you. The troll claws you! The troll claws you.
The troll attacks as you move away! The troll barely misses you.
The troll closely misses you. The troll completely misses you.
You feel better. The troll misses you. The troll claws you!
The troll barely misses you.
Casting: Searing Ray (safe; 1% risk of failure)
Confirm with . or Enter, or press ? or * to list all spells.
Aiming: Searing Ray (safe; 1% risk of failure)
Press: ? - help, Shift-Dir - straight line, f/p - troll
Aim: a troll (lightly wounded, 81% to hit)
The searing ray misses the troll. (Press . to maintain the ray.)
The troll barely misses you. The troll claws you! The troll claws you.
The searing ray hits the troll.
The troll is moderately wounded.
The troll closely misses you. x2; The troll barely misses you.
The searing ray hits the troll.
The troll is moderately wounded.
The troll completely misses you. The troll misses you. The troll claws you.
The searing ray hits the troll!
The troll is heavily wounded.
You finish channelling your searing ray.
The troll bites you.
* * * LOW HITPOINT WARNING * * *
The troll claws you.
* * * LOW HITPOINT WARNING * * *
The troll claws you but does no damage.
As you read the scroll of teleportation, it crumbles to dust.
You feel strangely unstable. The troll bites you.
* * * LOW HITPOINT WARNING * * *
The troll claws you.
* * * LOW HITPOINT WARNING * * *
The troll claws you but does no damage. The troll attacks as you move away!
The troll misses you. The troll closely misses you. The troll claws you!
You die...

#..##
#.#.........###....##
#.# ....# .+ .......
+.......# #.# #....#
# ...... ####..†.#
#.# ###...# .....
#..#.###.# .###
...######........# .#
........###.##### .#
# #.#####.# #.# #.#T#
#.# #.# #.#@#
###.###.# ##.#.#
#.......# ####....#
#.#.#####
........###.#.#
###......)....#
###.######### #. #.
#.


You could see a troll.

Vanquished Creatures
  Grinder (D:4)
  2 black bears
  An ogre (D:5)
  A bullfrog (D:6)
  An orc priest (D:4)
  4 hounds
  An iguana (D:5)
  5 adders
  4 worms
  9 orcs
  5 bats
  5 endoplasms
  5 giant cockroaches
  8 hobgoblins
  4 jackals
  A quokka (D:5)
  7 ball pythons
  5 frilled lizards
  5 goblins
  7 kobolds
  2 rats (D:1)
83 creatures vanquished.

Notes
Turn   | Place    | Note
-------+----------+-------------------------------------------
     0 | D:1      | firemarshallily the Draconian Conjurer began the quest for
                  | the Orb.
     0 | D:1      | Reached XP level 1. HP: 14/14 MP: 3/3
   844 | D:1      | Reached XP level 2. HP: 22/22 MP: 3/5
  1000 | D:1      | Learned a level 2 spell: Searing Ray
  1418 | D:2      | Reached skill level 1 in Fighting
  1418 | D:2      | Reached XP level 3. HP: 28/28 MP: 2/6
  1787 | D:2      | You fall into a shaft and drop 2 floors!
  1878 | D:4      | Noticed Grinder
  2438 | D:3      | Reached XP level 4. HP: 33/35 MP: 6/8
  3346 | D:4      | Noticed a black bear
  3352 | D:4      | Killed a black bear
  3353 | D:4      | Reached skill level 5 in Conjurations
  3353 | D:4      | Reached XP level 5. HP: 41/41 MP: 0/10
  4026 | D:4      | Paralysed by Grinder for 2 turns
  4038 | D:4      | Killed Grinder
  4039 | D:4      | Reached XP level 6. HP: 14/51 MP: 5/12
  4473 | D:5      | Entered Level 5 of the Dungeon
  4508 | D:5      | Reached skill level 6 in Conjurations
  4888 | D:5      | Your scales start taking on a lurid green colour.
  4888 | D:5      | Reached XP level 7. HP: 57/57 MP: 6/14
  4888 | D:5      | Gained mutation: Your system is resistant to poisons.
                  | (rPois) [Green Draconian growth]
  4893 | D:5      | Learned a level 4 spell: Fulminant Prism
  4948 | D:5      | Learned a level 4 spell: Iskenderun's Mystic Blast
  5150 | D:5      | Reached skill level 5 in Spellcasting
  5627 | D:6      | Noticed a troll
  5644 | D:6      | Slain by a troll

Illustrated notes

Levels and vault maps discovered:
D:1:      saegor_arrival_simple_d, layout_loops_ring, minmay_tromino_v4_a
D:2:      layout_rooms, minmay_misc_feat_four_crosses, chequers_arboretum,
          amcnicky_mini_rare_corridor_liquid
D:3:      layout_basic, minmay_misc_feat_iff
D:4:      layout_basic, corexii_shack, uniq_grinder
D:5:      layout_loops_ring
D:6:      layout_loops_corners, minmay_temple_entry_antechambers,
          eino_small_chamber_without_monster, sigmund_army

Skill      XL: |  1  2  3  4  5  6  7 |
---------------+----------------------+-----
Fighting       | 1 2 3 |  3.9
Spellcasting   | 3 4 5 |  5.3
Conjurations   | 5 6 |  6.8
Dodging        | |  1.7
Stealth        | |  1.7

Action                   |  1- 3 |  4- 6 |  7- 9 || total
-------------------------+-------+-------+-------++-------
Melee: Unarmed           |    11 |       |       ||    11
       Club              |    36 |     8 |       ||    44
       Tailslap          |     4 |     6 |       ||    10
       Short sword       |       |    21 |       ||    21
       Mace              |       |    18 |     7 ||    25
       Punch             |       |     1 |       ||     1
 Cast: Magic Dart        |    60 |    53 |     7 ||   120
       Searing Ray       |     3 |     4 |     7 ||    14
  Use: Scroll            |     2 |       |     1 ||     3
       Potion            |       |     1 |     1 ||     2
 Stab: Sleeping          |     4 |     3 |       ||     7
Armor: Skin              |    22 |    13 |     7 ||    42
Dodge: Dodged            |    47 |    21 |    32 ||   100
